 Dungeon Crawl Stone Soup version 0.29-a0-344-ge2f44be95a (webtiles) character file.

Game seed: 5438202133608480211

44 freelancePsychic the Magician (level 3, -2/25 HPs)
             Began as a Demonspawn Hedge Wizard on Apr 21, 2022.
             Slain by an orc priest
             ... wielding a +0 hand axe
              (7 damage)
             ... on level 2 of the Dungeon.
             The game lasted 00:02:28 (1977 turns).

freelancePsychic the Magician (DsWz)                Turns: 1977, Time: 00:02:29

Health: -2/25      AC:  2    Str: 10    XL:     3   Next: 39%
Magic:  0/7        EV: 12    Int: 17    God:
Gold:   87         SH:  0    Dex: 12    Spells: 6/8 levels left

rFire   + . .      SeeInvis .   a - +0 dagger
rCold   + . .      Faith    .   (no shield)
rNeg    . . .      Spirit   .   b - +0 robe
rPois   +          Reflect  .   c - +0 hat
rElec   +          Harm     .   (no cloak)
rCorr   +          Rampage  .   (no gloves)
Will    .....                   (no boots)
Stlth   ++........              (no amulet)
HPRegen 0.08/turn               g - ring of poison resistance
MPRegen 0.10/turn               (no ring)

@: resistant, very slightly contaminated
A: weakness stinger 1
a: no special abilities


You were on level 2 of the Dungeon.
You visited 1 branch of the dungeon, and saw 2 of its levels.

You collected 87 gold pieces.

Inventory:

Hand Weapons
 a - a +0 dagger (weapon)
Armour
 b - a +0 robe (worn)
 c - a +0 hat (worn)
Jewellery
 g - a ring of poison resistance (left hand)
Scrolls
 d - a scroll of teleportation {@r4}
 e - 2 scrolls of identify {@r1}
 h - a scroll of holy word
Potions
 f - a potion of resistance


   Skills:
 + Level 0.5 Fighting
 - Level 2.0 Dodging
 - Level 2.0 Stealth
 - Level 3.1 Spellcasting
 * Level 1.9 Conjurations
 - Level 1.2 Summonings
 - Level 1.1 Translocations
 * Level 1.0 Fire Magic


You had 6 spell levels left.
You knew the following spells:

 Your Spells              Type           Power      Damage    Failure   Level
a - Foxfire               Conj/Fire      28%        2x1d5     10%         1
b - Magic Dart            Conj           36%        1d4       8%          1

Your spell library contained the following spells:

 Spells                   Type           Power      Damage    Failure   Level
 Call Imp                 Summ           7%         N/A       16%         2
 Slow                     Hex            8%         N/A       17%         1
 Blink                    Tloc           12%        N/A       17%         2
 Conjure Flame            Conj/Fire      7%         6-21      28%         3
 Mephitic Cloud           Conj/Pois/Air  4%         N/A       36%         3
 Inner Flame              Hex/Fire       4%         N/A       38%         3
 Flame Wave               Conj/Fire      7%         2d5       67%         4


Dungeon Overview and Level Annotations

Branches:
Dungeon (2/15)

Altars:


Innate Abilities, Weirdness & Mutations

You have a small tail.


Message History

You kill the orc!
Your foxfire dissipates!
The foxfire hits the orc priest.
The orc priest is heavily wounded.
Casting: Foxfire (safe; 10% risk of failure)
Confirm with . or Enter, or press ? or * to list all spells.
You conjure some foxfire!
The foxfire hits the orc priest but does no damage.
The orc priest is heavily wounded.
Casting: Foxfire (safe; 10% risk of failure)
Confirm with . or Enter, or press ? or * to list all spells.
You don't have enough magic to cast this spell.
The foxfire hits the orc priest.
The orc priest is heavily wounded.
The foxfire hits the orc priest but does no damage.
The orc priest is heavily wounded.
It was a potion of resistance.
You feel protected.
You hit the orc priest but do no damage.
The orc priest is heavily wounded.
The orc priest hits you with a +0 hand axe.
You hit the orc priest but do no damage.
Your tail-slap misses the orc priest.
The orc priest is heavily wounded.
The orc priest hits you with a +0 hand axe.
You closely miss the orc priest.
The orc priest is heavily wounded.
The orc priest hits you with a +0 hand axe.
You hit the orc priest but do no damage.
The orc priest is heavily wounded.
The orc priest mumbles some strange prayers to Beogh against you.
Beogh smites you!
* * * LOW HITPOINT WARNING * * *
Casting: Foxfire (safe; 10% risk of failure)
Confirm with . or Enter, or press ? or * to list all spells.
You miscast Foxfire.
You are very lightly contaminated with residual magic.
Nothing appears to happen.
The orc priest hits you with a +0 hand axe!
You die...

# .#. .... .....
#.###########......
#.......@o))..>....
.........######....
########.# # #.#
########.###
#..........#
######..........#
#...............#
#.####..........#


You could see an orc priest.

Vanquished Creatures
  2 dart slugs
  2 orcs (D:2)
  3 ball pythons
  3 endoplasms (D:1)
  2 giant cockroaches (D:1)
  2 goblins
  3 hobgoblins
  4 jackals (D:1)
  3 quokkas
  A frilled lizard (D:2)
  3 kobolds (D:1)
  6 rats
34 creatures vanquished.

Vanquished Creatures (others)
  71 foxfires
71 creatures vanquished.

Grand Total: 105 creatures vanquished

Notes
Turn   | Place    | Note
-------+----------+-------------------------------------------
     0 | D:1      | freelancePsychic the Demonspawn Hedge Wizard began the
                  | quest for the Orb.
     0 | D:1      | Reached XP level 1. HP: 13/13 MP: 4/4
    75 | D:1      | Reached skill level 1 in Translocations
   369 | D:1      | Gained mutation: You have a small tail. [demonic ancestry]
   369 | D:1      | Reached XP level 2. HP: 19/19 MP: 0/6
  1102 | D:1      | Learned a level 1 spell: Foxfire
  1445 | D:1      | Reached XP level 3. HP: 24/24 MP: 4/7
  1910 | D:2      | Reached skill level 1 in Fire Magic
  1977 | D:2      | Slain by an orc priest

Illustrated notes

Levels and vault maps discovered:
D:1:      ncdulo_smallfort, layout_basic, grunt_decor_one_mirror
D:2:      layout_basic, shapermc_ecumenical_altar_acropolis

Skill      XL: |  1  2  3 |
---------------+----------+-----
Translocations | 1 |  1.1
Dodging        | 2 |  2.0
Stealth        | 2 |  2.0
Fire Magic     | 1 |  1.0
Fighting       | |  0.5
Spellcasting   | |  3.1
Conjurations   | |  1.9
Summonings     | |  1.2

Action                   || total
-------------------------++-------
Melee: Dagger            ||    27
       Tailslap          ||     2
 Cast: Magic Dart        ||    46
       Foxfire           ||    41
  Use: Scroll            ||     4
       Potion            ||     2
Armor: Robe              ||     8
Dodge: Dodged            ||    25

Table legend: (Time is in decaauts)
 A = Elapsed time spent in this place.
 B = Non-inter-level travel time spent in this place.
 C = Inter-level travel time spent in this place.
 D = Time resting spent in this place.
 E = Time spent auto-exploring this place.
 F = Levels seen in this place.
 G = Mean time per level.
                   A        B        C        D        E       F      G
               +--------+--------+--------+--------+--------+-----+--------+
         Total |   1976 |   1966 |     10 |    143 |   1592 |   2 |  988.0 |
       Dungeon |   1976 |   1966 |     10 |    143 |   1592 |   2 |  988.0 |
               +--------+--------+--------+--------+--------+-----+--------+

Top non-repeatable levels by time:
     D:1: 1623 daAuts
     D:2: 352 daAuts
